 Dungeon Crawl Stone Soup version 0.28-a0-1147-gc7b72d3202 (webtiles) character file.

Game seed: 2249401085231097765

4472 GordonOverkill the Severer (level 10, -10/80 HPs)
             Began as a Minotaur Cinder Acolyte on Dec 14, 2021.
             Was an Initiate of Ignis.
             Mangled by a spatial maelstrom (12 damage)
             ... on level 1 of the Abyss.
             The game lasted 00:21:34 (11615 turns).

GordonOverkill the Severer (MiCA)                  Turns: 11615, Time: 00:21:34

Health: -10/80     AC: 13    Str: 23    XL:     10   Next: 15%
Magic:  10/10      EV:  8    Int: 13    God:    Ignis [......]
Gold:   85         SH:  4    Dex:  6    Spells: 11/11 levels left

rFire   + . .      SeeInvis .   D - +2 whip (elec)
rCold   . . .      Faith    .   i - +0 buckler
rNeg    . . .      Spirit   .   f - +0 chain mail
rPois   .          Reflect  .   (helmet restricted)
rElec   .          Harm     .   x - +2 cloak
rCorr   .          Rampage  .   (no gloves)
Will    +....                   (no boots)
Stlth   ..........              (no amulet)
HPRegen 0.23/turn               d - ring of willpower
MPRegen 0.12/turn               (no ring)

@: mighty
A: horns 2, retaliatory headbutt, claws 1, clever 1, shaggy fur 1
a: Renounce Religion, Rising Flame


You were on level 1 of the Abyss.
You worshipped Ignis.
Ignis was noncommittal.
You visited 1 branch of the dungeon, and saw 9 of its levels.
You visited the Abyss 1 time.

You collected 430 gold pieces.
You spent 345 gold pieces at shops.

Inventory:

Hand Weapons
 a - a -1 hand axe of freezing
 D - a +2 whip of electrocution (weapon)
Missiles
 n - 87 poisoned darts (quivered)
 y - a curare-tipped dart
Armour
 f - a +0 chain mail (worn)
 i - a +0 buckler (worn)
 x - a +2 cloak (worn)
Jewellery
 d - a ring of willpower (left claw)
 e - an amulet of regeneration
 z - an amulet of guardian spirit
Wands
 l - a wand of digging (1)
 r - a wand of flame (16)
Scrolls
 h - a scroll of enchant weapon
 p - a scroll of noise {unknown}
 v - a scroll of acquirement {unknown}
 A - 3 scrolls of fog
 B - a scroll of fear {unknown}
 E - a scroll of silence
 F - a scroll of vulnerability
Potions
 b - 2 potions of mutation
 g - 2 potions of flight
 q - a potion of brilliance
Miscellaneous
 c - a box of beasts (inert)
 k - a phantom mirror


   Skills:
 + Level 4.7 Fighting
 - Level 16.0 Axes
 - Level 2.0 Throwing
 + Level 2.7 Armour
 + Level 2.1 Dodging
 - Level 4.0 Shields
 - Level 1.0 Spellcasting
 - Level 2.1 Fire Magic
 + Level 1.7 Evocations


You had 11 spell levels left.
You didn't know any spells.
Your spell library contained the following spells:

 Spells                   Type           Power      Damage    Failure   Level
 Scorch                   Fire           12%        2d6       80%         2
 Foxfire                  Conj/Fire      12%        2x1d4     82%         1
 Animate Skeleton         Necr           0%         N/A       92%         1
 Magic Dart               Conj           0%         1d3       92%         1
 Pain                     Necr           0%         1d4       92%         1
 Call Imp                 Summ           0%         N/A       98%         2
 Ensorcelled Hibernation  Hex/Ice        0%         N/A       98%         2
 Conjure Flame            Conj/Fire      3%         6-21      99%         3
 Inner Flame              Hex/Fire       3%         N/A       99%         3
 Dazzling Flash           Conj/Hex       0%         N/A       100%        3
 Mephitic Cloud           Conj/Pois/Air  0%         N/A       100%        3
 Spider Form              Tmut/Pois      0%         N/A       100%        3
 Flame Wave               Conj/Fire      3%         2d4       100%        4
 Iskenderun's Mystic Bla  Conj/Tloc      0%         2d3       100%        4
 Agony                    Necr           0%         N/A       100%        5
 Freezing Cloud           Conj/Ice/Air   0%         6-21      100%        5
 Simulacrum               Ice/Necr       0%         N/A       100%        6
 Starburst                Conj/Fire      1%         6d3       100%        6


Dungeon Overview and Level Annotations

Branches:
Dungeon (9/15)             Temple (0/1) D:5
   Lair: D:8-11         Orc: D:9-12

Altars:
Dithmenos
Gozag
Hepliaklqana
Kikubaaqudgha
Ru
Trog
Uskayaw
Vehumet
Zin
The Shining One
Beogh
Lugonu

Shops:
D:5 (

Annotations:
D:4 3 runed translucent doors, niknal's ghost, amateur DDFi
D:9 1 transporter, Erolcha


Innate Abilities, Weirdness & Mutations

You have a pair of horns on your head.
You reflexively headbutt those who attack you in melee.
You have sharp fingernails.
Your mind is acute. (Int +2)
You are covered in fur. (AC +1)


Message History

The freezing wraith hits you but does no damage.
The freezing wraith closely misses you.
As you read the scroll labelled ISKAKHL BUIHA, it crumbles to dust.
It is a scroll of brand weapon.
Your -1 hand axe of flaming is covered with a thin layer of ice!
a - a -1 hand axe of freezing You block the freezing wraith's attack.
The freezing wraith misses you.
The great orb of eyes bites you but does no damage.
The freezing wraith hits you but does no damage. x2
The great orb of eyes bites you.
* * * LOW HITPOINT WARNING * * *
Blink to where?
Press: ? - help, Dir - move target
As you read the scroll labelled SIAQUY FAFUOD, it crumbles to dust.
It was a scroll of blinking.
You are suddenly pulled into a different region of the Abyss!
Found 20 bolts.
You start resting.
You feel yourself speed up.
You start resting.
A bone dragon comes into view.
Found 61 gold pieces.
A white imp comes into view.
A wretched star comes into view.
Found a runed rapier.
Found a scimitar.
The spatial maelstrom hits you but does no damage.
The spatial maelstrom hits you!
* * * LOW HITPOINT WARNING * * *
Space warps around you.
* * * LOW HITPOINT WARNING * * *
The spatial maelstrom hits you.
* * * LOW HITPOINT WARNING * * *
Space warps horribly around you!
* * * LOW HITPOINT WARNING * * *
The spatial maelstrom hits you.
* * * LOW HITPOINT WARNING * * *
A spatial vortex comes into view.
The spatial maelstrom hits you!
You die...

.#........#.##
....#...##..# .
......##..#.
..##.#..##..###
.....##..##.# #
##..##..##... #.
#..##..##..#.
#..#)##.@##..###..
#...##.vv#..##.##.
##..##v..#...#...##
.....##..##.##..##.
....#X≈#..###..##..
..#.....#.......#..
. ##...###........
# ##.## ##.#...#.
.###.. ##.....##


You could see a tentacled starspawn, a spatial maelstrom and 2 spatial vortices.

Vanquished Creatures
  A komodo dragon (D:6)
  A tengu conjurer (D:9)
  A merfolk (shapeshifter) (D:9)
  Grinder (D:6)
  A wraith (D:9)
  Edmund (D:6)
  A water moccasin (D:9)
  A sky beast (D:6)
  A black bear (D:5)
  5 ogres
  A necrophage (D:6)
  A phantom (D:6)
  4 kobold brigands
  2 bullfrogs
  A gnoll sergeant (D:8)
  5 scorpions
  A water moccasin skeleton (D:4)
  3 centaur zombies
  2 centaur skeletons
  A hound (D:4)
  Crazy Yiuf (D:4)
  4 jellies
  2 bullfrog skeletons (D:5)
  8 orc priests
  A gnoll shaman (D:8)
  3 iguanas
  Natasha (thrice) (D:2)
  7 orc wizards
  A hound zombie (D:5)
  3 howler monkey zombies
  9 gnolls (D:8)
  8 adders
  A river rat (D:5)
  A white imp (D:8)
  An ufetubus (Abyss:1)
  4 worms
  A dart slug (D:3)
  30 orcs
  6 ball pythons
  2 bats (D:1)
  7 endoplasms
  3 giant cockroaches
  4 goblins
  3 hobgoblins
  7 jackals
  30 kobolds
  2 quokkas
  13 rats
200 creatures vanquished.

Vanquished Creatures (collateral kills)
  A gargoyle (D:9)
1 creature vanquished.

Vanquished Creatures (others)
  64 foxfires
  2 plants (D:4)
66 creatures vanquished.

Grand Total: 267 creatures vanquished

Notes
Turn   | Place    | Note
-------+----------+-------------------------------------------
     0 | D:1      | GordonOverkill the Minotaur Cinder Acolyte began the quest
                  | for the Orb.
     0 | D:1      | Reached XP level 1. HP: 19/19 MP: 1/1
    30 | D:1      | Reached skill level 4 in Axes
   208 | D:1      | Reached XP level 2. HP: 26/26 MP: 2/2
   386 | D:1      | Reached skill level 1 in Shields
   686 | D:1      | Found a faded altar of an unknown god.
   808 | D:2      | Noticed Natasha
   823 | D:2      | Killed Natasha
   824 | D:2      | Reached skill level 5 in Axes
   824 | D:2      | Reached XP level 3. HP: 12/31 MP: 3/3
  1097 | D:2      | Reached XP level 4. HP: 39/39 MP: 4/4
  1409 | D:2      | Noticed Natasha
  1422 | D:2      | Killed Natasha
  1423 | D:2      | Reached XP level 5. HP: 17/45 MP: 5/5
  1561 | D:2      | Noticed Natasha
  1569 | D:2      | Killed Natasha
  1570 | D:2      | Reached skill level 6 in Axes
  2231 | D:3      | Noticed a moth of wrath
  2233 | D:3      | Found a bloodstained altar of Trog.
  2390 | D:3      | Found a glowing silver altar of Zin.
  2576 | D:3      | Found an opulent altar of Gozag.
  3179 | D:4      | Reached skill level 1 in Throwing
  3179 | D:4      | Reached XP level 6. HP: 39/51 MP: 6/6
  3267 | D:4      | Reached skill level 7 in Axes
  3546 | D:4      | Reached skill level 8 in Axes
  3546 | D:4      | Reached XP level 7. HP: 55/57 MP: 7/7
  3780 | D:4      | Found a runed translucent gate.
  3780 | D:4      | Noticed niknal's ghost (amateur DDFi)
  3781 | D:4      | Identified the +0 chain mail of the Serpent {-Cast rElec
                  | Slay+4 SInv}
  3782 | D:4      | Found a runed translucent gate.
  3783 | D:4      | Found a runed translucent gate.
  3785 | D:4      | Identified the +7 dagger of Perversion {vorpal, rF+}
  3785 | D:4      | Identified the +1 scale mail "Bougulyf" {Rampage *Slow +Inv
                  | rF++}
  3807 | D:4      | Reached skill level 9 in Axes
  4194 | D:4      | Found a sacrificial altar of Ru.
  4197 | D:4      | Found a radiant altar of Vehumet.
  4267 | D:4      | Found a runed translucent door.
  4268 | D:4      | Noticed Crazy Yiuf
  4445 | D:5      | Entered Level 5 of the Dungeon
  4509 | D:4      | HP: 2/57 [poisoned by a scorpion]
  4926 | D:4      | Killed Crazy Yiuf
  5097 | D:5      | Found a staircase to the Ecumenical Temple.
  5258 | D:5      | Reached skill level 10 in Axes
  5497 | D:5      | Reached XP level 8. HP: 62/64 MP: 8/8
  5505 | D:5      | Found a glowing golden altar of the Shining One.
  5526 | D:5      | Found a hazy altar of Hepliaklqana.
  5819 | D:5      | Reached skill level 11 in Axes
  6050 | D:5      | Found Mirchife's Weapon Shoppe.
  6073 | D:6      | Gained mutation: Armour fits poorly on your strangely
                  | shaped body. [potion of mutation]
  6073 | D:6      | Gained mutation: You are clumsy. (Dex -2) [potion of
                  | mutation]
  6073 | D:6      | Gained mutation: Your movements are slightly less
                  | encumbered by armour. (ER -2) [potion of mutation]
  6075 | D:6      | Lost mutation: Armour fits poorly on your strangely shaped
                  | body. [potion of mutation]
  6075 | D:6      | Lost mutation: Your movements are slightly less encumbered
                  | by armour. (ER -2) [potion of mutation]
  6075 | D:6      | Gained mutation: You have sharp fingernails. [potion of
                  | mutation]
  6075 | D:6      | Lost mutation: You are clumsy. (Dex -2) [potion of
                  | mutation]
  6075 | D:6      | Gained mutation: Your mind is acute. (Int +2) [potion of
                  | mutation]
  6075 | D:6      | Gained mutation: You are covered in fur. (AC +1) [potion of
                  | mutation]
  6334 | D:6      | Got the Grimoire of Freezing Unholy Magic
  6447 | D:6      | Noticed a komodo dragon
  6491 | D:6      | Reached skill level 12 in Axes
  6501 | D:6      | Killed a komodo dragon
  6660 | D:6      | Noticed Grinder
  6691 | D:6      | Killed Grinder
  6692 | D:6      | Reached skill level 13 in Axes
  6781 | D:6      | Noticed Edmund
  6799 | D:6      | Killed Edmund
  6800 | D:6      | Reached XP level 9. HP: 56/70 MP: 9/9
  7509 | D:6      | Reached skill level 14 in Axes
  7889 | D:7      | Found a large runed translucent door.
  7890 | D:7      | Found a large runed translucent door.
  8278 | D:7      | Found Xoeneb's Magic Scroll Shop.
  8286 | D:7      | Bought a scroll of enchant armour for 82 gold pieces
  8286 | D:7      | Bought a scroll of identify for 22 gold pieces
  8286 | D:7      | Bought a scroll of fog for 22 gold pieces
  8286 | D:7      | Bought a scroll of silence for 82 gold pieces
  8286 | D:7      | Bought a scroll of vulnerability for 82 gold pieces
  8286 | D:7      | Bought a scroll of fog for 22 gold pieces
  8791 | D:7      | Found an ancient bone altar of Kikubaaqudgha.
  8825 | D:7      | Found a shadowy altar of Dithmenos.
  8939 | D:7      | Bought a scroll of teleportation for 33 gold pieces
  8971 | D:8      | Reached skill level 15 in Axes
 10482 | D:9      | Reached skill level 16 in Axes
 10659 | D:9      | Reached skill level 1 in Armour
 10674 | D:9      | Found a transporter.
 10675 | D:9      | Noticed a green ugly thing
 10676 | D:9      | Noticed a brown ugly thing
 10677 | D:9      | Found a corrupted altar of Lugonu.
 10677 | D:9      | Noticed a green ugly thing
 10710 | D:9      | Noticed a gargoyle
 10717 | D:9      | Noticed an eye of devastation
 10721 | D:9      | Found a hide-covered altar of Uskayaw.
 10728 | D:9      | Noticed a merfolk
 10728 | D:9      | an eye of devastation changed into a merfolk
 10740 | D:9      | Noticed a tengu conjurer
 10754 | D:9      | Killed a merfolk
 10894 | D:9      | Killed a gargoyle
 10895 | D:9      | Reached skill level 1 in Dodging
 10895 | D:9      | Reached skill level 1 in Evocations
 10895 | D:9      | Reached XP level 10. HP: 53/80 MP: 10/10
 11344 | D:9      | Noticed Erolcha
 11362 | D:9      | Cast into level 1 of the Abyss (Erolcha)
 11365 | Abyss:1  | Found a corrupted altar of Lugonu.
 11386 | Abyss:1  | Noticed a rakshasa
 11496 | Abyss:1  | Noticed a rakshasa
 11528 | Abyss:1  | Noticed a wretched star
 11558 | Abyss:1  | Noticed a great orb of eyes
 11586 | Abyss:1  | Noticed a bone dragon
 11605 | Abyss:1  | Noticed a wretched star
 11608 | Abyss:1  | Noticed a spatial maelstrom
 11613 | Abyss:1  | Noticed a tentacled starspawn
 11614 | Abyss:1  | HP: 3/80 [spatial maelstrom (10)]
 11615 | Abyss:1  | Mangled by a spatial maelstrom

Illustrated notes

Levels and vault maps discovered:
D:1:      dpeg_arrival_ratfight, layout_rooms, nicolae_ecumenical_lake_church
D:2:      layout_rooms, uniq_natasha
D:3:      layout_basic, pdpol_temple_overflow_zin_treasury_gozag_greed,
          tgw_trog, nicolae_concentric_dashed_squares_mild
D:4:      layout_loops_cross, mainiacjoe_overflow_big_doors,
          biasface_ghost_orc_armoury, uniq_crazy_yiuf_cottage
D:5:      layout_loops_cross, grunt_temple_overflow_open,
          minmay_temple_entry_antechambers, serial_shops,
          nicolae_shop_hallway_stairs, cheibrodos_sewer_entry_sluice,
          kennysheep_generic_room_3
D:6:      layout_loops_ring, minmay_circle_x, uniq_grinder, uniq_edmund
D:7:      layout_gridville, jmf_multi_god_temple2, serial_shops, shop
D:8:      layout_cave_pods
D:9:      gammafunk_corrupted_shrine, layout_basic,
          mainiacjoe_overflow_concentric_impassable, david_lair_shrubbed,
          minmay_misc_feat_nine_boxes, minmay_diamond_spiral, uniq_erolcha
Abyss:1:  base: D:3, base: D:6, base: D:9, evilmike_abyss_exit_17,
          evilmike_abyss_exit_chaos

Skill      XL: |  1  2  3  4  5  6  7  8  9 10 |
---------------+-------------------------------+-----
Axes           | 4 5 6 8 10 13 16 | 16.0
Shields        | 2 3 4 |  4.0
Throwing       | 1 2 |  2.0
Armour         | 2 |  2.7
Fighting       | 4 |  4.7
Dodging        | 1 2 |  2.1
Evocations     | 1 |  1.7
Spellcasting   | |  1.0
Fire Magic     | |  2.1

Action                   |  1- 3 |  4- 6 |  7- 9 | 10-12 || total
-------------------------+-------+-------+-------+-------++-------
Melee: Hand axe          |    58 |    89 |    36 |       ||   183
       Headbutt          |     5 |    14 |    68 |     5 ||    92
       Whip              |       |    33 |   453 |    27 ||   513
Throw: Dart              |       |     8 |    88 |       ||    96
Invok: Foxfire Swarm     |     1 |     1 |     4 |     2 ||     8
       Fiery Armour      |       |       |     1 |       ||     1
Evoke: Box of beasts     |       |       |       |     1 ||     1
  Use: Scroll            |       |       |    12 |     4 ||    16
       Potion            |       |       |     8 |     5 ||    13
 Stab: Distracted        |       |       |       |     1 ||     1
Armor: Robe              |     5 |       |       |       ||     5
       Chain mail        |    32 |    48 |   148 |    33 ||   261
       Skin              |       |       |     9 |       ||     9
Dodge: Dodged            |    26 |    26 |   101 |    23 ||   176
Block: Buckler           |     3 |    11 |    62 |    16 ||    92

Table legend: (Time is in decaauts)
 A = Elapsed time spent in this place.
 B = Non-inter-level travel time spent in this place.
 C = Inter-level travel time spent in this place.
 D = Time resting spent in this place.
 E = Time spent auto-exploring this place.
 F = Levels seen in this place.
 G = Mean time per level.
                   A        B        C        D        E       F      G
               +--------+--------+--------+--------+--------+-----+--------+
         Total |  11432 |  10861 |    571 |   3741 |   4971 |  10 | 1143.2 |
       Dungeon |  11187 |  10616 |    571 |   3671 |   4971 |   9 | 1243.0 |
         Abyss |    245 |    245 |      0 |     70 |      0 |   1 |  245.0 |
               +--------+--------+--------+--------+--------+-----+--------+

Top non-repeatable levels by time:
     D:4: 1927 daAuts
     D:6: 1684 daAuts
     D:8: 1392 daAuts
     D:3: 1249 daAuts
     D:7: 1178 daAuts
     D:1: 1171 daAuts
     D:5: 1013 daAuts
     D:9: 873 daAuts
     D:2: 697 daAuts
 Abyss:1: 245 daAuts
